 Dungeon Crawl Stone Soup version 0.18-a0-750-g37044d6 (webtiles) character file.

124744 gorblad the Spry (level 16, -7/145 HPs)
             Began as a Minotaur Gladiator on Dec 11, 2015.
             Was the Champion of Dithmenos.
             Mangled by a deep troll earth mage (27 damage)
             ... on level 1 of the Depths.
             The game lasted 01:26:42 (26919 turns).

gorblad the Spry (Minotaur Gladiator)              Turns: 26919, Time: 01:26:42

Health: -7/145     AC: 21    Str: 27    XL:     16   Next: 39%
Magic:  15/15      EV: 16    Int: 10    God:    Dithmenos [******]
Gold:   1771       SH: 16    Dex: 12    Spells: 0 memorised, 15 levels left

rFire  + . .     SeeInvis +     M - +5 war axe of the Fifty Deaths {drain, Str+5 SInv}
rCold  + + .     Clarity  .     X - +2 plate armour of Fufiog {rPois}
rNeg   + . .     SustAt   +     g - +1 shield
rPois  +         Gourm    .     c - +0 hat
rElec  +         Spirit   .     I - +1 cloak
rCorr  .         Dismiss  .     Q - +0 pair of gloves "Wixaorph" {*Drain rC+ rN+ MR+}
rMut   .         Stasis   .     d - -1 pair of boots of Least Resistance {rF+ rC+}
MR     +++..                    D - amulet "Zach" {rElec Regen+ Int+5 Stlth+}
Stlth  ..........               h - ring of protection from magic
                                N - ring of sustain attributes

@: very slightly contaminated, hasted, wreathed by umbra, very quick, extremely
resistant to hostile enchantments, extremely unstealthy
A: retaliatory headbutt, horns 2, weak 2
a: Shadow Step, Shadow Form, Renounce Religion


You were on level 1 of the Depths.
You worshipped Dithmenos.
Dithmenos was exalted by your worship.
You were not hungry.

You visited 4 branches of the dungeon, and saw 25 of its levels.
You also visited: Labyrinth and Ice Cave.

You collected 1771 gold pieces.

Inventory:

Hand Weapons
 a - the +6 dagger "Guuttuorubb" {freeze, Int+4}
   (You found it in an ice cave)

   It has been specially enchanted to freeze those struck by it, causing extra
   injury to most foes and up to half again as much damage against particularly
   susceptible opponents.
   It can also slow down cold-blooded creatures.
   It affects your intelligence (+4).
 M - the +5 war axe of the Fifty Deaths (weapon) {drain, Str+5 SInv}
   (You found it on level 5 of the Lair of Beasts)

   A truly terrible weapon, it drains the life of those it strikes.
   It affects your strength (+5).
   It lets you see invisible.
Armour
 c - a +0 hat (worn)
 d - the -1 pair of boots of Least Resistance (worn) {rF+ rC+}
   (You acquired it on level 14 of the Dungeon)

   It protects you from fire.
   It protects you from cold.
 g - a +1 shield (worn)
 I - a +1 cloak (worn)
 L - an ice dragon hide
 Q - the +0 pair of gloves "Wixaorph" (worn) {*Drain rC+ rN+ MR+}
   (You found it on level 14 of the Dungeon)

   It protects you from cold.
   It protects you from negative energy.
   It affects your resistance to hostile enchantments.
   It causes draining when unequipped.
 X - the +2 plate armour of Fufiog (worn) {rPois}
   (You found it in a labyrinth)

   It protects you from poison.
Jewellery
 h - a ring of protection from magic (right hand)
 D - the amulet "Zach" (around neck) {rElec Regen+ Int+5 Stlth+}
   (You found it on level 9 of the Dungeon)

   [amulet of regeneration]

   It affects your intelligence (+5).
   It insulates you from electricity.
   It increases your rate of regeneration.
   It makes you more stealthy.
 N - a ring of sustain attributes (left hand)
Wands
 m - a wand of draining (8)
Scrolls
 n - 4 scrolls of recharging
 o - 9 scrolls of teleportation
 p - 3 scrolls of amnesia
 r - 3 scrolls of magic mapping
 x - a scroll of fear
 B - 2 scrolls of fog
 G - a scroll of silence
 O - 15 scrolls of remove curse
 W - 2 scrolls of enchant weapon
Potions
 b - 2 potions of mutation {unknown}
 f - 6 potions of lignification
 i - 2 potions of brilliance {unknown}
 k - 4 potions of might
 t - 3 potions of invisibility
 w - 4 potions of cancellation
 z - a potion of poison {unknown}
 C - 4 potions of curing {unknown}
 E - 4 potions of haste
 F - 3 potions of agility
 H - 5 potions of magic
 J - a potion of cure mutation {unknown}
 K - 2 potions of beneficial mutation {unknown}
 R - 5 potions of flight
Books
 s - a book of Envenomations

   Spells                             Type                      Level
   a - Spider Form                    Transmutation/Poison         3
   b - Alistair's Intoxication        Transmutation/Poison         4
   c - Olgreb's Toxic Radiance        Poison                       4
   d - Poisonous Cloud                Conjuration/Poison/Air       6
 V - a book of Beasts

   Spells                             Type                      Level
   a - Summon Butterflies             Summoning                    1
   b - Call Canine Familiar           Summoning                    3
   c - Summon Ice Beast               Ice/Summoning                4
   d - Summon Mana Viper              Hexes/Summoning              5
   e - Summon Hydra                   Summoning                    7
Miscellaneous
 y - a piece from Xom's chessboard
 A - a piece from Xom's chessboard
 P - a plain deck of changes {Focus}
 S - a box of beasts
 T - a sack of spiders
 Y - a stone of tremors
Comestibles
 e - 16 bread rations
 j - 7 meat rations
 l - a slice of pizza
 q - 24 chunks of flesh
 u - 11 fruits
 v - 24 beef jerkies
 U - 11 royal jellies


   Skills:
 + Level 13.9 Fighting
 + Level 14.1 Axes
 - Level 2.0 Throwing
 - Level 11.5 Armour
 - Level 18.8 Dodging
 - Level 16.3 Shields


You had 15 spell levels left.
You didn't know any spells.

Dungeon Overview and Level Annotations

Branches:
Dungeon (15/15)            Temple (0/1) D:7            Lair (8/8) D:11
  Swamp (0/4) Lair:5        Snake (0/4) Lair:4        Slime (1/6) Lair:8
    Orc (0/4) D:9          Vaults (0/5) D:13         Depths (1/5) D:15

Altars:
Ashenzari
Dithmenos
Elyvilon
Fedhas
Gozag
Kikubaaqudgha
Nemelex Xobeh
Pakellas
Qazlal
Ru
Trog
Vehumet
Yredelemnul
Zin
The Shining One

Shops:
D:7 (   D:9 :   D:15 [

Annotations:
D:14 exclusion: Roxanne, Roxanne


Innate Abilities, Weirdness & Mutations

You reflexively headbutt those who attack you in melee.
You have a pair of horns on your head.
You are very weak. (Str -4)


Message History

The deep troll earth mage closely misses you.
You furiously retaliate!
You headbutt the deep troll earth mage, but do no damage.
You block the deep troll earth mage's attack.
The deep troll earth mage claws you but does no damage.
You block the iron troll's attack. The iron troll completely misses you.
The iron troll completely misses you. The stone giant barely misses you.
You are very lightly contaminated with residual magic.
You hit the stone giant. You drain the stone giant!
The stone giant is almost dead.
You slash the deep troll earth mage!
The deep troll earth mage is heavily wounded.
You hit the iron troll but do no damage.
You drain the iron troll!
The iron troll is severely wounded.
Your shadow completely misses the stone giant.
Your shadow closely misses the deep troll earth mage.
Your shadow hits the iron troll but does no damage.
The deep troll earth mage bites you!!
You die...

'###...###......#
.#########.(....#.....#
.#.......#.(....#.....#
.'.......#......#.....#
.#.......#.(....#.....#
.........#......#T§§..#
.#..##..###(....#TT§..+
.....#..###..§§§#TT...#
#.#..#.......§§§@Cs...#
.....#.......§§§#T§...#
.#...'........§.#.§.§.#
.....#........§.#.....#
.....#..........#.....#
..)..#..........#.....#
.....#..........#.....#
.....############.....#
######


You could see an iron troll, a stone giant, a deep troll, a deep troll earth
mage, 2 deep troll shamans and a redback.

Vanquished Creatures
  Agnes (D:14)
  3 stone giants (Depths:1)
  Snorg (D:13)
  4 vault guards (D:13)
  A minotaur (Lab)
  A rakshasa (Depths:1)
  A fire dragon (D:14)
  An entropy weaver (Depths:1)
  A great orb of eyes (Depths:1)
  2 ice dragons (D:15)
  6 hydras
  A catoblepas (Lair:8)
  A deep troll shaman (Depths:1)
  4 centaur warriors
  4 ogre magi
  Urug (D:14)
  3 tengu warriors (D:15)
  A giant orange brain (Depths:1)
  5 hill giants
  A wolf spider zombie (D:14)
  3 cyclopes
  2 griffons
  2 deep elf conjurers (D:13)
  3 manticores (D:14)
  An orc knight (D:15)
  2 hornets (Lair:8)
  20 black mambas
  25 ugly things
  A wolf spider (Lair:8)
  14 elephants
  2 ice statues (IceCv)
  23 spiny frogs
  A guardian serpent (Lair:8)
  A centaur zombie (D:12)
  3 kobold demonologists
  2 ice devils (D:15)
  A queen bee (Lair:2)
  4 fire drakes
  5 trolls
  9 komodo dragons
  A jumping spider (Depths:1)
  9 polar bears
  A freezing wraith (D:14)
  12 slime creatures
  4 two-headed ogres
  24 blink frogs
  2 raiju (Lair:8)
  A two-headed ogre (shapeshifter) (D:14)
  2 giant leeches (Lair:5)
  A spriggan (D:9)
  49 yaks
  A vampire (D:13)
  A trapdoor spider (D:11)
  2 deep elf magi
  6 redbacks (Depths:1)
  7 basilisks
  4 wraiths
  A human (D:9)
  14 vampire mosquitoes
  2 wyverns
  14 hippogriffs
  3 hungry ghosts
  Menkaure (D:6)
  A mottled dragon (D:14)
  7 wargs (Lair:8)
  3 hell hounds (Lair:8)
  Edmund (D:5)
  A swamp worm (Lair:5)
  27 water moccasins
  A sky beast (D:8)
  23 wolves
  13 ice beasts
  7 porcupines
  13 black bears
  9 wasps
  An eye of draining (D:14)
  8 orc warriors
  2 phantoms (D:5)
  27 centaurs
  18 ogres
  14 crocodiles
  The ghost of Elvalys the Sneak, an amateur SpAs (D:3)
  5 big kobolds
  27 giant frogs
  A wyvern skeleton (D:14)
  2 scorpions
  37 killer bees
  7 wights
  2 electric eels (Lair:3)
  2 giant frog zombies
  9 crimson imps
  17 hounds
  4 jellies
  5 centaur skeletons
  8 orc priests
  A quasit (D:10)
  3 giant frog skeletons
  9 orc wizards
  A human skeleton (D:9)
  17 sheep
  2 iguanas
  8 worker ants
  2 hound zombies
  15 adders
  A worker ant zombie (D:9)
  93 river rats
  2 shadow imps
  3 oozes
  An adder zombie (D:7)
  4 worms
  8 giant geckos
  23 orcs
  2 ball pythons
  4 bats
  6 giant cockroaches
  11 hobgoblins
  25 jackals
  16 kobolds
  A quokka (D:3)
  2 giant newts
  11 goblins
  A jackal zombie (D:5)
  A quokka skeleton (D:4)
  2 quokka zombies
  6 rats
  A bush (Lair:8)
  19 fungi
  20 plants
953 creatures vanquished.

Vanquished Creatures (others)
  2 orcs (D:5)
  12 fungi
  8 plants
22 creatures vanquished.

Grand Total: 975 creatures vanquished

Notes
Turn   | Place    | Note
--------------------------------------------------------------
     0 | D:1      | gorblad the Minotaur Gladiator began the quest for the Orb.
     0 | D:1      | Reached XP level 1. HP: 18/18 MP: 0/0
   145 | D:1      | Reached XP level 2. HP: 25/25 MP: 1/1
   376 | D:1      | Reached skill level 4 in Axes
   567 | D:2      | Reached XP level 3. HP: 28/30 MP: 2/2
   598 | D:2      | Found a sparkling altar of Nemelex Xobeh.
   600 | D:2      | Found a glowing silver altar of Zin.
   602 | D:2      | Found a radiant altar of Vehumet.
   705 | D:2      | Reached skill level 1 in Shields
   989 | D:2      | HP: 1/31 [poisoned by an adder]
  1383 | D:2      | Reached XP level 4. HP: 38/38 MP: 3/3
  1455 | D:2      | Found a shattered altar of Ashenzari.
  1794 | D:3      | Noticed Elvalys's ghost (amateur SpAs)
  1801 | D:3      | Killed Elvalys's ghost
  1801 | D:3      | Reached XP level 5. HP: 30/45 MP: 4/4
  2245 | D:4      | Found a white marble altar of Elyvilon.
  2561 | D:4      | Reached XP level 6. HP: 4/52 MP: 1/5
  2605 | D:4      | Found a stormy altar of Qazlal.
  2860 | D:4      | Reached skill level 5 in Axes
  3117 | D:4      | Reached skill level 5 in Dodging
  3365 | D:5      | Entered Level 5 of the Dungeon
  3386 | D:5      | Found a shadowy altar of Dithmenos.
  3399 | D:5      | Became a worshipper of Dithmenos the Shadowed
  3471 | D:5      | Found an opulent altar of Gozag.
  3488 | D:5      | Found a bloodstained altar of Trog.
  3681 | D:5      | Noticed Edmund
  3732 | D:5      | Reached skill level 5 in Fighting
  3732 | D:5      | Reached XP level 7. HP: 15/61 MP: 6/6
  4070 | D:5      | Reached skill level 6 in Axes
  4075 | D:5      | Found a basalt altar of Yredelemnul.
  4077 | D:5      | Reached * piety under Dithmenos
  4081 | D:5      | Noticed a profane servitor
  4108 | D:5      | Found a glowing golden altar of the Shining One.
  4111 | D:5      | Noticed an angel
  4169 | D:5      | Killed Edmund
  4202 | D:5      | Found an ancient bone altar of Kikubaaqudgha.
  4428 | D:6      | You fall through a shaft for 3 floors!
  4428 | D:9      | Found Jympuunn's Book Emporium.
  4454 | D:9      | Reached skill level 7 in Axes
  4522 | D:9      | Found a runed door.
  4522 | D:9      | Noticed a human
  4525 | D:9      | Found a basalt altar of Yredelemnul.
  4528 | D:9      | Reached XP level 8. HP: 63/71 MP: 7/7
  4732 | D:9      | Found a staircase to the Orcish Mines.
  4736 | D:9      | Got a crude zirconium amulet
  4925 | D:9      | Reached skill level 8 in Axes
  5167 | D:9      | Identified the amulet "Zach" {rElec Regen+ Int+5 Stlth+} (You found it on level 9 of the Dungeon)
  5189 | D:8      | Reached XP level 9. HP: 45/81 MP: 8/8
  5282 | D:8      | Reached ** piety under Dithmenos
  5521 | D:8      | Found a blossoming altar of Fedhas.
  5552 | D:8      | Reached skill level 9 in Axes
  5559 | D:8      | Found an opulent altar of Gozag.
  6279 | D:7      | Found Kiloaxt's Antique Weapon Boutique.
  6434 | D:7      | Found a staircase to the Ecumenical Temple.
  6510 | D:7      | Found a sacrificial altar of Ru.
  6898 | D:6      | Reached skill level 1 in Armour
  6903 | D:6      | Reached skill level 10 in Axes
  7224 | D:6      | Found Gozag's Platinum Reserve.
  7232 | D:6      | Found an opulent altar of Gozag.
  7286 | D:6      | Noticed Menkaure
  7289 | D:6      | Killed Menkaure
  7702 | D:10     | Entered Level 10 of the Dungeon
  7706 | D:10     | Reached skill level 10 in Fighting
  7706 | D:10     | Reached XP level 10. HP: 93/93 MP: 9/9
  7728 | D:10     | Noticed a hill giant
  7737 | D:10     | Killed a hill giant
  7951 | D:10     | Reached *** piety under Dithmenos
  7956 | D:10     | Reached skill level 11 in Axes
  7956 | D:10     | Reached skill level 5 in Armour
  8710 | D:10     | Reached XP level 11. HP: 102/102 MP: 10/10
  8827 | D:11     | Reached skill level 10 in Armour
  9017 | D:11     | Noticed a sun demon
  9038 | D:11     | Reached **** piety under Dithmenos
  9050 | D:11     | Reached skill level 12 in Axes
  9054 | D:11     | Reached XP level 12. HP: 87/111 MP: 11/11
  9154 | D:11     | Found a staircase to the Lair.
  9364 | D:11     | Got a twisted ring mail
  9375 | D:11     | Identified the cursed +1 ring mail "Hero's Friend" {*Drain rC+++ Dex-2 Stlth+} (You found it on level 11 of the Dungeon)
  9824 | Lair:1   | Entered Level 1 of the Lair of Beasts
 10385 | Lair:1   | Reached skill level 13 in Axes
 11085 | Lair:2   | Reached ***** piety under Dithmenos
 11243 | Lair:2   | Reached skill level 10 in Shields
 11731 | Lair:3   | Reached XP level 13. HP: 77/119 MP: 12/12
 11919 | Lair:3   | You fall through a shaft!
 12006 | Lair:4   | Found a staircase to the Snake Pit.
 12341 | Lair:4   | Found a labyrinth entrance.
 12371 | Lab      | Entered a labyrinth
 16550 | Lab      | Got a sparkling bronze amulet
 16551 | Lab      | Got a translucent plate armour
 16564 | Lair:4   | Identified the +2 plate armour of Fufiog {rPois} (You found it in a labyrinth)
 16593 | Lair:4   | Identified the amulet of Hifuowul {+Rage MR- Str+3 Dex+6} (You found it in a labyrinth)
 16837 | Lair:4   | Reached skill level 14 in Shields
 17318 | Lair:5   | Found a stormy altar of Qazlal.
 17713 | Lair:5   | Found a staircase to the Swamp.
 17910 | Lair:5   | Got a smoking war axe
 17911 | Lair:5   | Identified the +5 war axe of the Fifty Deaths {drain, Str+5 SInv} (You found it on level 5 of the Lair of Beasts)
 18144 | Lair:5   | Reached skill level 15 in Shields
 18691 | Lair:6   | Reached skill level 16 in Shields
 18937 | Lair:7   | Reached ****** piety under Dithmenos
 19138 | Lair:7   | Reached XP level 14. HP: 108/127 MP: 13/13
 19147 | Lair:7   | Reached skill level 10 in Dodging
 19805 | Lair:8   | Entered Level 8 of the Lair of Beasts
 20562 | Lair:8   | Found a staircase to the Slime Pits.
 21345 | Slime:1  | Entered Level 1 of the Pits of Slime
 21347 | Slime:1  | Noticed an acid blob
 21351 | Slime:1  | Gained mutation: You are weak. (Str -2) [a shining eye]
 21354 | Slime:1  | Gained mutation: You are very weak. (Str -4) [a shining eye]
 22258 | D:12     | Reached skill level 15 in Dodging
 22541 | D:12     | Reached XP level 15. HP: 134/134 MP: 14/14
 23281 | D:13     | Found a gate to the Vaults.
 23501 | D:13     | Found an oddly glowing altar of Pakellas.
 23702 | D:13     | Noticed Snorg
 23718 | D:13     | Killed Snorg
 24041 | D:14     | Noticed Agnes
 24062 | D:14     | Killed Agnes
 24096 | D:14     | Got a transparent plate armour
 24097 | D:14     | Identified a scroll of acquirement
 24100 | D:14     | Got a pair of blackened boots
 24106 | D:14     | Identified the -1 pair of boots of Least Resistance {rF+ rC+} (You acquired it on level 14 of the Dungeon)
 24116 | D:14     | Identified the +1 plate armour of Infinity {Int+9 Dex-5 SInv Stlth+} (You found it on level 14 of the Dungeon)
 24307 | D:14     | Got a pair of steaming gloves
 24318 | D:14     | Identified the +0 pair of gloves "Wixaorph" {*Drain rC+ rN+ MR+} (You found it on level 14 of the Dungeon)
 24483 | D:14     | Reached skill level 17 in Dodging
 24521 | D:14     | Noticed Urug
 24550 | D:14     | Killed Urug
 24801 | D:14     | Noticed Roxanne
 25142 | D:15     | Entered Level 15 of the Dungeon
 25222 | D:15     | Reached skill level 18 in Dodging
 25542 | D:15     | Reached XP level 16. HP: 117/141 MP: 15/15
 25636 | D:15     | Found Puituck's Armour Shoppe.
 25756 | D:15     | Found a frozen archway.
 25777 | IceCv    | Entered an ice cave
 25803 | IceCv    | Got a smoking dagger
 25804 | IceCv    | Identified the +6 dagger "Guuttuorubb" {freeze, Int+4} (You found it in an ice cave)
 26033 | D:15     | Found a staircase to the Depths.
 26162 | Depths:1 | Entered Level 1 of the Depths
 26919 | Depths:1 | Mangled by a deep troll earth mage

Vault maps used:
D:1:      ncdulo_halloftheorcs, hex_large, dk_noncrumbling_4,
          serial_bayou_pond_e, minmay_strange_pillars
D:2:      nicolae_overflow_crystal_walls, grunt_temple_overflow_open,
          minmay_goblin_kobold_house
D:4:      grunt_qazlal_clouds, lemuel_doored_altar, first_bread,
          grunt_ministairs_10, minmay_misc_feat_chi
D:5:      grunt_temple_overflow_holy_war, kennysheep_mini,
          kiku_gazebo_garden_becter, nicolae_dithmenos_through_a_glass_darkly,
          bloody_trog, patterned_corridor, uniq_edmund
D:6:      nicolae_gozag_zags_fifth_avenue, uniq_menkaure
D:7:      lemuel_round_altar, minmay_temple_entry_fiery, serial_shops, shop
D:8:      fedhas_altar_1, basic_altar, minmay_gold_behind_fungi,
          minmay_misc_feat_secret_circle
D:9:      orc_0_dummy, serial_shops, nicolae_shop_stone, the_bakery,
          dk_yredelemnul_ordeal
D:11:     minmay_lair_entry_lava
D:12:     kennysheep_generic_room_14
D:13:     lightli_vaults_fourway_checkpoint, basic_altar, billiards_dpeg,
          uniq_snorg
D:14:     minivault_20, uniq_urug, uniq_roxanne, uniq_agnes
D:15:     grunt_enter_depths_hoard, portal_ice_cave_demonic_guard, serial_shops,
          nicolae_shop_stone
Lair:2:   special_room, minivault_26
Lair:4:   minmay_snake_entry_six_corridors, lab_entry_generic
Lair:5:   minmay_swamp_entry_worms, basic_altar, serial_bayou_shore_b
Lair:6:   serial_bayou_crossing
Lair:7:   grunt_megastairs_2, bh_autumn_forest_stairs
Lair:8:   hangedman_lair_caniforms_friends, hangedman_lair_tendril_chambers,
          minmay_slime_entry_pillars
Depths:1: enter_ziggurat_a, pf_hell_entry_great_geh, hangedman_decor_riveting,
          spider_trap, hex_tiny, hangedman_glass_teeth, minmay_variable_closet,
          cheibriados_altar_1
IceCv:    ice_cave_statue_garden_01

Action                   |  1- 3 |  4- 6 |  7- 9 | 10-12 | 13-15 | 16-18 || total
-------------------------+-------+-------+-------+-------+-------+-------++-------
Melee: War axe           |    57 |   122 |   258 |   516 |  1503 |   232 ||  2688
  Use: Scroll            |     5 |    13 |     9 |     3 |    23 |     2 ||    55
       Potion            |       |     1 |     1 |     2 |     3 |     1 ||     8
 Stab: Sleeping          |       |     2 |       |       |       |       ||     2
       Petrifying        |       |       |       |       |     1 |       ||     1
       Petrified         |       |       |       |       |     1 |       ||     1
  Eat: Chunk             |     1 |    10 |    19 |    13 |    27 |     3 ||    73
       Fruit             |       |       |     2 |       |     2 |       ||     4
       Royal jelly       |       |       |       |       |     6 |       ||     6
       Pizza             |       |       |       |       |     2 |       ||     2
       Beef jerky        |       |       |       |       |     1 |       ||     1
       Bread ration      |       |       |       |       |       |     1 ||     1
